 Dungeon Crawl Stone Soup version 0.25-a0-834-g55863b0b92 (webtiles) character file.

Game seed: 15681293154725781021, levelgen mode: deterministic

28185 Maedhros the Covert (level 13, -8/92 HPs)
             Began as an Octopode Artificer on Apr 22, 2020.
             Was a High Priest of Qazlal.
             Killed from afar by a wolf (28 damage)
             ... with an exploding inner flame
             ... hexed by the player character
             ... on level 6 of the Lair of Beasts on Apr 23, 2020.
             The game lasted 00:38:33 (17099 turns).

Maedhros the Covert (Octopode Artificer)           Turns: 17099, Time: 00:38:33

Health: -8/92      AC:  6    Str: 11    XL:     13   Next: 37%
Magic:  19/19      EV: 21    Int: 17    God:    Qazlal [*****.]
Gold:   263        SH: 16    Dex: 16    Spells: 12/12 levels left

rFire    . . .     SeeInvis .   C - +4 trident (venom)
rCold    + . .     Gourm    .   e - +1 buckler {rF+}
rNeg     . . .     Faith    .   (helmet restricted)
rPois    .         Spirit   .   p - +3 amulet of reflection
rElec    .         Reflect  +   d - +3 ring of slaying
rCorr    .         Harm     .   B - ring of ice
MR       .....     Rnd*Tele +   (no ring)
Stlth    +++.......             (no ring)
HPRegen  0.25/turn              (no ring)
MPRegen  0.16/turn              (no ring)
                                (no ring)
                                (no ring)

@: protected from physical damage, repel missiles
A: almost no armour, stealthy swim, amphibious, 8 rings, constrict 8, iridescent
scales 1, camouflage 1, clever 1, teleportitis 1, wild magic 1, gelatinous body
1
a: Upheaval, Elemental Force, Disaster Area, Renounce Religion


You were on level 6 of the Lair of Beasts.
You worshipped Qazlal.
Qazlal was extremely pleased with you.
You were hungry.

You visited 3 branches of the dungeon, and saw 15 of its levels.
You also visited: Bailey.

You collected 985 gold pieces.
You spent 722 gold pieces at shops.

Inventory:

Hand Weapons
 i - a +1 hunting sling of flaming
 C - a +4 trident of venom (weapon)
Missiles
 b - 37 poisoned darts
 c - 57 boomerangs
 o - 95 sling bullets
 s - 195 stones (quivered)
Armour
 e - a +1 buckler of fire resistance (worn)
 h - a +0 buckler of reflection
 w - a +0 kite shield
Jewellery
 d - a +3 ring of slaying (left tentacle)
 p - a +3 amulet of reflection (around mantle)
 v - an uncursed amulet of faith
 B - a ring of ice (right tentacle)
Wands
 k - a wand of random effects (18)
 q - a wand of paralysis (11)
 u - a wand of digging (10)
Scrolls
 a - a scroll of amnesia
 g - a scroll of magic mapping
 j - 3 scrolls of identify
 t - 2 scrolls of remove curse
Potions
 l - 2 potions of brilliance
 n - a potion of curing
 x - 2 potions of degeneration {unknown}
Comestibles
 f - 20 rations


   Skills:
 + Level 10.0 Fighting
   Level 1.0 Short Blades
 * Level 9.5 Polearms
 + Level 10.2 Dodging
 - Level 10.6 Stealth
 - Level 7.2 Shields
 - Level 1.6 Unarmed Combat
 * Level 7.9 Invocations
 - Level 9.0 Evocations


You had 12 spell levels left.
You didn't know any spells.
Your spell library contained the following spells:

 Spells                   Type           Power        Failure   Level  Hunger
 Animate Skeleton         Necr           N/A          32%         1    ##.....
 Apportation              Tloc           #.....       32%         1    ##.....
 Corona                   Hex            #......      32%         1    ##.....
 Summon Small Mammal      Summ           #...         32%         1    ##.....
 Confusing Touch          Hex            #.......     65%         3    ####...
 Gell's Gravitas          Tloc           #.........   65%         3    ####...
 Petrify                  Tmut/Erth      #.......     96%         4    #####..
 Metabolic Englaciation   Hex/Ice        #.........   100%        5    ######.
 Yara's Violent Unravell  Hex/Tmut       #.........   100%        5    ######.


Dungeon Overview and Level Annotations

Branches:
Dungeon (9/15)             Temple (1/1) D:6            Lair (4/6) D:8
  Swamp (0/4) Lair:2       Spider (0/4) Lair:2        Slime (0/5) Lair:6
 Bailey (visited)
    Orc: D:9-12

Altars:
Ashenzari
Cheibriados
Dithmenos
Elyvilon
Gozag
Hepliaklqana
Kikubaaqudgha
Makhleb
Nemelex Xobeh
Okawaru
Qazlal
Ru
Sif Muna
Trog
Uskayaw
Vehumet
Wu Jian
Zin

Shops:
D:4 (*   D:8 [[=

Annotations:
Lair:1 exclusion: oklob plant


Innate Abilities, Weirdness & Mutations

You cannot wear most types of armour.
You are very stealthy in the water. (Stealth+)
You are amphibious.
You can wear up to eight rings at the same time.
You can use your tentacles to constrict eight enemies at once.
Your skin changes colour to match your surroundings (Stealth+).
Your rubbery body absorbs attacks. (AC +1, EV +1)
You are partially covered in iridescent scales. (AC +2)
Your mind is acute. (Int +2)
You are occasionally teleported next to monsters.
Your spells are a little harder to cast, but a little more powerful.


Message History

As you read the scroll of immolation, it crumbles to dust.
The creatures around you are filled with an inner flame!
You hear a howl!
The wolf is engulfed in freezing vapours.
Flame seeps out of the wolf.
You block the wyvern's attack. You block the wolf's attack.
The wolf is engulfed in blazing flames.
The wolf explodes!
The fiery explosion engulfs you!!
* * * LOW HITPOINT WARNING * * *
You hear a sizzling sound!
The fiery explosion engulfs the wolf!!
The wolf explodes!
The tree burns like a torch!
The fiery explosion engulfs the spriggan rider!!!
Flame seeps out of the spriggan rider.
You kill the spriggan!
Qazlal accepts your kill.
The hornet is moderately wounded.
The fiery explosion engulfs you!!
You die...

....#.#
.......
.......
....>..
...Y...
##.......
♣♣..°.....
♣§@l§#
♣♣§§°#.#
♣♣♣iy.##


♣hhhih# ♣hh.gy♣♣♣ ♣†.(.♣♣ ♣....♣♣ ....♣♣♣ ...♣♣ You could see an elephant (inner
flame), 2 hornets, a wyvern (inner flame), 2 spriggans, 5 wolves and a boggart
(inner flame).

Vanquished Creatures
  2 hydras
  3 two-headed ogres (D:8)
  6 death yaks (Lair:3)
  Joseph (Lair:1)
  2 black mambas
  A human (D:7)
  6 spiny frogs
  4 komodo dragons
  A polar bear (Lair:6)
  A troll (D:8)
  7 dream sheep
  6 blink frogs
  2 bog bodies (Lair:2)
  5 hippogriffs
  Sigmund (D:5)
  A redback (Lair:2)
  A spriggan (Lair:6)
  A hog (D:7)
  A fire elemental (Lair:1)
  A basilisk (Lair:1)
  16 yaks
  A wyvern (D:7)
  4 water moccasins
  Duvessa (D:5)
  8 porcupines
  3 ice beasts
  9 orc warriors
  A sky beast (D:5)
  A necrophage (D:8)
  4 ogres
  29 wolves
  A phantom (D:5)
  6 crocodiles
  3 centaurs
  A big kobold (D:7)
  11 bullfrogs
  Dowan (D:5)
  3 scorpions
  5 wights
  5 killer bees (D:7)
  2 jellies
  3 howler monkeys
  3 electric eels
  5 crimson imps
  9 hounds
  6 orc priests
  Crazy Yiuf (D:6)
  7 orc wizards
  4 bullfrog skeletons
  3 iguanas (D:8)
  6 worker ants
  A hound skeleton (D:6)
  A hound zombie (D:5)
  2 worker ant zombies
  8 adders
  5 gnolls
  A howler monkey skeleton (D:4)
  A shadow imp (D:6)
  An adder skeleton (D:4)
  4 worms
  2 leopard geckos
  26 orcs
  A ball python (D:1)
  7 giant cockroaches
  13 goblins
  13 hobgoblins
  13 jackals
  A quokka (D:5)
  A ball python skeleton (D:5)
  7 bats
  10 frilled lizards
  A giant cockroach zombie (D:5)
  A jackal skeleton (D:5)
  19 kobolds
  A leopard gecko skeleton (D:5)
  A leopard gecko zombie (D:5)
  A quokka zombie (D:8)
  6 rats
363 creatures vanquished.

Vanquished Creatures (collateral kills)
  A spiny frog (Lair:3)
  A yak (D:7)
  2 hogs (D:7)
  An ice beast (D:6)
  2 ogres (D:7)
  2 killer bees (D:7)
  A hound (D:7)
  An iguana (D:8)
  A gnoll (D:8)
  An adder (D:7)
  2 orcs (D:6)
15 creatures vanquished.

Vanquished Creatures (others)
  A gnoll (D:8)
  An orc (D:8)
  5 kobolds
  10 fungi
  41 plants
58 creatures vanquished.

Grand Total: 436 creatures vanquished

Notes
Turn   | Place    | Note
-------+----------+-------------------------------------------
     0 | D:1      | Maedhros the Octopode Artificer began the quest for the
                  | Orb.
     0 | D:1      | Reached XP level 1. HP: 13/13 MP: 3/3
   309 | D:1      | Reached skill level 1 in Unarmed Combat
   309 | D:1      | Reached XP level 2. HP: 4/18 MP: 4/4
   904 | D:2      | Reached XP level 3. HP: 23/23 MP: 5/5
  1221 | D:4      | Reached XP level 4. HP: 20/28 MP: 6/6
  1310 | D:4      | Reached skill level 1 in Shields
  1370 | D:4      | Reached XP level 5. HP: 22/34 MP: 8/8
  1562 | D:4      | Found Gozag's Platinum Reserve.
  1562 | D:4      | Found an opulent altar of Gozag.
  1660 | D:5      | Entered Level 5 of the Dungeon
  1671 | D:5      | Noticed Sigmund
  1679 | D:5      | Killed Sigmund
  1679 | D:5      | Reached XP level 6. HP: 25/41 MP: 9/9
  1732 | D:5      | Noticed an ice beast
  1740 | D:5      | Killed an ice beast
  1740 | D:5      | Reached XP level 7. HP: 36/45 MP: 10/10
  2514 | D:5      | Noticed Duvessa
  2514 | D:5      | Noticed Dowan
  2552 | D:5      | Reached skill level 5 in Stealth
  2552 | D:5      | Reached skill level 5 in Evocations
  2799 | D:5      | Killed Duvessa
  2989 | D:5      | Killed Dowan
  3313 | D:5      | Reached XP level 8. HP: 51/54 MP: 12/12
  3617 | D:6      | Found a staircase to the Ecumenical Temple.
  3622 | Temple   | Entered the Ecumenical Temple
  3768 | Temple   | Became a worshipper of Qazlal Stormbringer
  4085 | D:4      | Found Cuwusuph's Antique Weapon Boutique.
  4697 | D:3      | Reached * piety under Qazlal
  5133 | D:3      | Found a bloodstained altar of Trog.
  6107 | D:6      | Reached skill level 5 in Dodging
  6310 | D:6      | Found a runed translucent door.
  6311 | D:6      | Noticed Crazy Yiuf
  6501 | D:6      | Reached XP level 9. HP: 45/60 MP: 13/13
  6625 | D:6      | Reached skill level 5 in Fighting
  6629 | D:6      | Reached ** piety under Qazlal
  6742 | D:6      | Reached skill level 5 in Shields
  6864 | D:6      | Killed Crazy Yiuf
  7862 | D:7      | Reached XP level 10. HP: 57/68 MP: 15/15
  8677 | D:8      | Found Ukhlio's Jewellery Shoppe.
  8786 | D:8      | Found Wunatzan's Antique Armour Shop.
  8821 | D:8      | Noticed a two-headed ogre
  8833 | D:8      | Killed a two-headed ogre
  8862 | D:8      | Reached *** piety under Qazlal
  8880 | D:8      | Found Ohics's Antique Armour Shoppe.
  8899 | D:8      | Noticed a two-headed ogre
  8909 | D:8      | Killed a two-headed ogre
  8909 | D:8      | Reached skill level 10 in Stealth
  8935 | D:8      | Found a flagged portal.
  8940 | Bailey   | Entered a bailey
  9242 | Bailey   | Gained mutation: Your mind is acute. (Int +2) [potion of
                  | mutation]
  9242 | Bailey   | Gained mutation: You are partially covered in iridescent
                  | scales. (AC +2) [potion of mutation]
  9242 | Bailey   | Gained mutation: You are occasionally teleported next to
                  | monsters. [potion of mutation]
  9242 | Bailey   | Gained mutation: Your spells are a little harder to cast,
                  | but a little more powerful. [potion of mutation]
  9270 | Bailey   | Got a shimmering hand axe
  9437 | Bailey   | Reached **** piety under Qazlal
  9636 | D:8      | Reached XP level 11. HP: 56/75 MP: 17/17
  9671 | D:8      | Identified the cursed +0 hand axe of Masy {freeze, *Noise
                  | rPois rF+} (You found it in a bailey)
  9762 | D:8      | Noticed a two-headed ogre
 10372 | D:8      | Found a staircase to the Lair.
 10505 | D:8      | Bought a +3 ring of slaying for 540 gold pieces
 10664 | D:9      | Reached skill level 1 in Polearms
 11310 | Lair:1   | Entered Level 1 of the Lair of Beasts
 11520 | D:8      | Killed a two-headed ogre
 11811 | Lair:1   | Noticed Joseph
 12095 | Lair:1   | Killed Joseph
 12395 | Lair:1   | Noticed an oklob plant
 12770 | Lair:1   | Reached skill level 5 in Polearms
 13536 | Lair:2   | Found a staircase to the Swamp.
 13611 | Lair:2   | Reached skill level 1 in Invocations
 13611 | Lair:2   | Reached XP level 12. HP: 47/84 MP: 18/18
 14101 | Lair:2   | Found a hole to the Spider Nest.
 14560 | Lair:3   | Noticed a four-headed hydra
 14577 | Lair:3   | Killed a four-headed hydra
 14657 | Lair:3   | Reached ***** piety under Qazlal
 14703 | Lair:3   | Noticed a death yak
 14703 | Lair:3   | Noticed a death yak
 14703 | Lair:3   | Noticed a death yak
 14703 | Lair:3   | Noticed a death yak
 14703 | Lair:3   | Noticed a death yak
 14704 | Lair:3   | Noticed a death yak
 14709 | Lair:3   | Killed a death yak
 14709 | Lair:3   | Killed a death yak
 14709 | Lair:3   | Killed a death yak
 14709 | Lair:3   | Killed a death yak
 14709 | Lair:3   | Reached skill level 5 in Invocations
 14730 | Lair:3   | Killed a death yak
 15404 | Lair:3   | Reached XP level 13. HP: 88/90 MP: 19/19
 16325 | D:4      | Bought a glowing trident for 182 gold pieces
 16563 | Lair:4   | Reached skill level 10 in Dodging
 17064 | Lair:4   | Reached skill level 10 in Fighting
 17080 | Lair:4   | You fall into a shaft and drop 2 floors!
 17080 | Lair:6   | Entered Level 6 of the Lair of Beasts
 17092 | Lair:6   | Found a staircase to the Slime Pits.
 17099 | Lair:6   | Killed from afar by a wolf

Levels and vault maps discovered:
D:1:      dpeg_arrival_round_a, layout_basic
D:2:      layout_basic
D:3:      layout_loops_ring, first_ration, trog_book
D:4:      layout_basic, serial_shops, shop, nicolae_gozag_zags_fifth_avenue
D:5:      layout_basic, uniq_duvessa, uniq_sigmund
D:6:      layout_basic, minmay_temple_entry_ruins, minmay_holes,
          uniq_crazy_yiuf_cottage
D:7:      layout_basic, grunt_livestock
D:8:      layout_rooms, erik_lair_island, serial_shops, kennysheep_little_box,
          shop, kennysheep_mini_moat, enter_bailey_3
D:9:      layout_cave_pools
Temple:   roderic_octagonal_lattice_temple
Lair:1:   minmay_lair_oklob_tunnel, layout_gridlike,
          chequers_serial_rivers_micro_e, grunt_megastairs_5,
          serial_bayou_shore_b, uniq_joseph
Lair:2:   layout_gridlike, skrybe_swamp_entry_bodies, spider_nest_entry_webs
Lair:3:   layout_concentric_octagons, grunt_forest_large_clearings
Lair:4:   layout_misc_corridors, serial_bayou_shore_a
Lair:6:   minmay_lair_end_enchanted_forest, layout_hall_layers, slime_dummy

Skill      XL: |  1  2  3  4  5  6  7  8  9 10 11 12 13 |
---------------+----------------------------------------+-----
Unarmed Combat | 1 |  1.6
Stealth        | 2 3 4 5 7 8 10 | 10.6
Shields        | 1 2 3 4 5 7 |  7.2
Evocations     | 4 5 6 7 8 9 |  9.0
Fighting       | 2 3 4 6 7 8 9 10 | 10.0
Dodging        | 3 4 5 6 7 8 9 10 | 10.2
Polearms       | 6 8 9 |  9.5
Invocations    | 1 6 7 |  7.9
Short Blades   | |  1.0

Action                   |  1- 3 |  4- 6 |  7- 9 | 10-12 | 13-15 || total
-------------------------+-------+-------+-------+-------+-------++-------
Melee: Short sword       |    68 |    25 |       |       |       ||    93
       Constrict         |    17 |     7 |    87 |    91 |    17 ||   219
       Tentacles         |    13 |    10 |    78 |   142 |    20 ||   263
       Punch             |     1 |     1 |     5 |     4 |     3 ||    14
       Spear             |       |     8 |   295 |   769 |    53 ||  1125
       Rapier            |       |       |   103 |       |       ||   103
       Unarmed           |       |       |    26 |       |       ||    26
       Trident           |       |       |       |       |    67 ||    67
Invok: Upheaval          |       |       |       |     4 |     2 ||     6
       Elemental Force   |       |       |       |     1 |       ||     1
Evoke: Wand              |     2 |     4 |    37 |    15 |     8 ||    66
  Use: Scroll            |     3 |       |    10 |    15 |     3 ||    31
       Potion            |       |       |     5 |     7 |     1 ||    13
 Stab: Sleeping          |     5 |     4 |    10 |       |       ||    19
       Confused          |       |       |     2 |       |       ||     2
       Distracted        |       |       |       |     2 |       ||     2
       Invisible         |       |       |       |     4 |       ||     4
       Paralysed         |       |       |       |     2 |     7 ||     9
  Eat: Chunk             |       |     3 |    13 |    12 |       ||    28
       Ration            |       |       |     2 |     4 |     1 ||     7
Armor: Skin              |     8 |       |    29 |    25 |     3 ||    65
Dodge: Dodged            |    32 |    16 |   205 |   264 |    51 ||   568
       Repelled          |       |       |       |     4 |       ||     4
Block: Buckler           |     9 |     9 |   193 |   329 |    73 ||   613
       Reflection        |       |       |     2 |    39 |       ||    41
       Other             |       |       |       |     1 |       ||     1

Table legend:
 A = Non-vault XP
 B = Vault XP
 C = Vault XP percentage of total XP
 D = Non-vault monster count
 E = Vault monster count
 F = Vault count percentage of total count
                 A         B        C        D         E       F
            +---------+---------+-------+---------+---------+-------
      Total |   32131 |    8134 |  20.2 |     294 |      89 |  23.2
            +---------+---------+-------+---------+---------+-------
        D:1 |      33 |       0 |   0.0 |      18 |       0 |   0.0
        D:2 |      86 |       0 |   0.0 |      22 |       0 |   0.0
        D:3 |      59 |       0 |   0.0 |      24 |       0 |   0.0
        D:4 |     631 |       0 |   0.0 |      26 |       0 |   0.0
        D:5 |     789 |     461 |  36.9 |      21 |       3 |  12.5
        D:6 |    1550 |      40 |   2.5 |      32 |       1 |   3.0
        D:7 |    1711 |     699 |  29.0 |      28 |       5 |  15.2
        D:8 |    4238 |    1283 |  23.2 |      36 |      14 |  28.0
        D:9 |     120 |       0 |   0.0 |       4 |       0 |   0.0
     Lair:1 |    3222 |     635 |  16.5 |      17 |       2 |  10.5
     Lair:2 |    2759 |     718 |  20.6 |      12 |       3 |  20.0
     Lair:3 |   10861 |    3170 |  22.6 |      31 |      27 |  46.6
     Lair:4 |    5852 |       0 |   0.0 |      22 |       0 |   0.0
     Lair:6 |     220 |     544 |  71.2 |       1 |       2 |  66.7
     Bailey |       0 |     584 | 100.0 |       0 |      32 | 100.0
            +---------+---------+-------+---------+---------+-------
